3AA
MARQUETTE MINERS @ ATHLETIC CLUB KC ACADEMY
09/01/2042
 
TOP OF THE 1ST
Marquette Miners batting - Pitching for Athletic Club KC Academy : RHP Bob Wheelock
Pitching: RHP Bob Wheelock
Batting: LHB Bob Blough 0-0: Foul Ball, location: 2F
0-1: Ball
1-1: Ball
2-1: SINGLE (Groundball, 34D, EV 105.0 MPH)
Batting: RHB Raleigh Adams 0-0: Ball
1-0: Grounds into double play, 6-4-3 (Groundball, 6M, EV 84.4 MPH)
Batting: LHB Bill Knight 0-0: Swinging Strike
0-1: Foul Ball, location: 2F
0-2: Ball
1-2: Ball
2-2: Foul Ball, location: 2F
2-2: Ball
3-2: Base on Balls
Batting: RHB Kiril Neuvel 0-0: Called Strike
0-1: Ball
Bill Knight steals 2nd base
1-1: Foul Ball, location: 2F
1-2: Foul Ball, location: 2F
1-2: Ball
2-2: Ball
3-2: Base on Balls
Batting: RHB Colton Shepard 0-0: Ball
1-0: Called Strike
1-1: SINGLE (Groundball, 34D, EV 104.4 MPH)
Bill Knight to third
Kiril Neuvel to second
Batting: RHB Richard Mitchell 0-0: Ball
1-0: Ball
2-0: Ball
3-0: Called Strike
3-1: Base on Balls
Bill Knight scores
Kiril Neuvel to third
Colton Shepard to second
Batting: RHB Martin Payton 0-0: Fielders Choice at 2nd, 5-4 (Groundball, 5L, EV 79.4 MPH)
Top of the 1st over - 1 run, 2 hits, 0 errors, 3 left on base; Marquette 1 - Athletic Club KC Academy 0
BOTTOM OF THE 1ST
Athletic Club KC Academy batting - Pitching for Marquette Miners : LHP James Brandon
Pitching: LHP James Brandon
Batting: RHB Daniel Hannaford 0-0: Ball
1-0: DOUBLE (Line Drive, 8RXD, EV 98.1 MPH)
Batting: SHB Tosya Mndoyants 0-0: Ball
1-0: Ball
2-0: Foul Ball, location: 2F
2-1: Ground out 5-3 (Groundball, 56S, EV 65.6 MPH)
Daniel Hannaford to third
Batting: RHB Neal Lewis 0-0: Ball
1-0: Foul Ball, location: 2F
1-1: Fly out, F8 (Flyball, 78D, EV 82.5 MPH)
Runner from 3rd tags up, OUT at HOME! 8-2
Bottom of the 1st over - 0 runs, 1 hit, 0 errors, 0 left on base; Marquette 1 - Athletic Club KC Academy 0
TOP OF THE 2ND
Marquette Miners batting - Pitching for Athletic Club KC Academy : RHP Bob Wheelock
Batting: RHB Eduard Argelander 0-0: Called Strike
0-1: Called Strike
0-2: Ball
1-2: Fly out, F8 (Line Drive, 8RM, EV 91.2 MPH)
Batting: RHB Tom Hendrickson 0-0: Called Strike
0-1: Ground out 6-3 (Groundball, 6S, EV 70.6 MPH)
Batting: LHB Bob Blough 0-0: Ball
1-0: Ball
2-0: Called Strike
2-1: Foul Ball, location: 2F
2-2: Strikes out swinging
Top of the 2nd over - 0 runs, 0 hits, 0 errors, 0 left on base; Marquette 1 - Athletic Club KC Academy 0
BOTTOM OF THE 2ND
Athletic Club KC Academy batting - Pitching for Marquette Miners : LHP James Brandon
Batting: RHB Tim Hendricks 0-0: Swinging Strike
0-1: Foul Ball, location: 2F
0-2: Ball
1-2: Ball
2-2: Ball
3-2: Ground out 6-3 (Groundball, 6, EV 105.6 MPH)
Batting: RHB Mhelter Gaston 0-0: Foul Ball, location: 2F
0-1: Ground out 3-1 (Groundball, 34S, EV 73.8 MPH)
Batting: SHB Benedito Ahulani 0-0: Ball
1-0: Ground out U3 (Groundball, 34, EV 107.5 MPH)
Bottom of the 2nd over - 0 runs, 0 hits, 0 errors, 0 left on base; Marquette 1 - Athletic Club KC Academy 0
TOP OF THE 3RD
Marquette Miners batting - Pitching for Athletic Club KC Academy : RHP Bob Wheelock
Batting: RHB Raleigh Adams 0-0: SINGLE (Groundball, 5D, EV 102.5 MPH)
Batting: LHB Bill Knight 0-0: Foul Ball, location: 2F
0-1: Ball
Wild Pitch!
Raleigh Adams to second
1-1: Foul Ball, location: 2F
1-2: Ball
2-2: Foul Ball, location: 2F
2-2: Fly out, F4 (Line Drive, 4, EV 71.2 MPH)
Batting: RHB Kiril Neuvel 0-0: Fly out, F8 (Flyball, 8RS, EV 89.4 MPH)
Batting: RHB Colton Shepard 0-0: Called Strike
0-1: Ground out 1-3 (Groundball, P, EV 87.5 MPH)
Top of the 3rd over - 0 runs, 1 hit, 0 errors, 1 left on base; Marquette 1 - Athletic Club KC Academy 0
BOTTOM OF THE 3RD
Athletic Club KC Academy batting - Pitching for Marquette Miners : LHP James Brandon
Batting: SHB Ross Evans 0-0: Swinging Strike
0-1: SINGLE (Line Drive, 6D, EV 104.4 MPH)
Batting: LHB Carl Zimerman 0-0: Ball
1-0: Foul Ball, location: 2F
1-1: Ball
2-1: Foul Ball, location: 2F
2-2: Fielders Choice at 2nd, 6-4 (Groundball, 56, EV 101.9 MPH)
Batting: RHB Matt Evans 0-0: SINGLE (Line Drive, 3D, EV 109.4 MPH)
Carl Zimerman to second
Batting: RHB Daniel Hannaford 0-0: Ball
Carl Zimerman steals 3rd base
1-0: Swinging Strike
1-1: Foul Ball, location: 2F
1-2: Foul Ball, location: 2F
1-2: Strikes out swinging
Batting: SHB Tosya Mndoyants 0-0: Ball
1-0: Ball
2-0: Called Strike
2-1: Swinging Strike
2-2: Ball
3-2: Ground out 6-3 (Groundball, 6, EV 89.4 MPH)
Bottom of the 3rd over - 0 runs, 2 hits, 0 errors, 2 left on base; Marquette 1 - Athletic Club KC Academy 0
TOP OF THE 4TH
Marquette Miners batting - Pitching for Athletic Club KC Academy : RHP Bob Wheelock
Batting: RHB Richard Mitchell 0-0: Ball
1-0: Ball
2-0: Ball
3-0: Swinging Strike
3-1: Base on Balls
Batting: RHB Martin Payton 0-0: Ball
1-0: Called Strike
1-1: Ball
2-1: Ball
Richard Mitchell steals 2nd base
3-1: Base on Balls
Batting: RHB Eduard Argelander 0-0: Ball
1-0: Swinging Strike
1-1: Ball
2-1: Ball
3-1: Swinging Strike
3-2: Base on Balls
Richard Mitchell to third
Martin Payton to second
Batting: RHB Tom Hendrickson 0-0: Ball
1-0: Ball
2-0: Called Strike
2-1: Foul Ball, location: 2F
2-2: Grounds into double play, 6-4-3 (Groundball, 6, EV 103.1 MPH)
Richard Mitchell scores
Martin Payton to third
Batting: LHB Bob Blough 0-0: Ball
1-0: Called Strike
1-1: Swinging Strike
1-2: Ball
2-2: Ball
3-2: SINGLE (Groundball, 34D, EV 97.5 MPH)
Martin Payton scores
Batting: RHB Raleigh Adams 0-0: Called Strike
Bob Blough steals 2nd base
0-1: Called Strike
0-2: Ball
1-2: Ground out 4-3 (Groundball, 4MD, EV 81.2 MPH)
Top of the 4th over - 2 runs, 1 hit, 0 errors, 1 left on base; Marquette 3 - Athletic Club KC Academy 0
BOTTOM OF THE 4TH
Athletic Club KC Academy batting - Pitching for Marquette Miners : LHP James Brandon
Batting: RHB Neal Lewis 0-0: SOLO HOME RUN (Flyball, 89XD, EV 97.5 MPH), Distance : 424 ft
Batting: RHB Tim Hendricks 0-0: Fly out, F8 (Flyball, 89M, EV 90.6 MPH)
Batting: RHB Mhelter Gaston 0-0: Called Strike
0-1: Fly out, F8 (Flyball, 8RS, EV 95.0 MPH)
Batting: SHB Benedito Ahulani 0-0: Ball
1-0: Ground out 5-3 (Groundball, 56S, EV 83.8 MPH)
Bottom of the 4th over - 1 run, 1 hit, 0 errors, 0 left on base; Marquette 3 - Athletic Club KC Academy 1
TOP OF THE 5TH
Marquette Miners batting - Pitching for Athletic Club KC Academy : RHP Bob Wheelock
Batting: LHB Bill Knight 0-0: Called Strike
0-1: SINGLE (Groundball, 56, EV 94.4 MPH)
Batting: RHB Kiril Neuvel 0-0: Grounds into double play, 6-4-3 (Groundball, 6, EV 88.1 MPH)
Batting: RHB Colton Shepard 0-0: Called Strike
0-1: Ball
1-1: Swinging Strike
1-2: Foul Ball, location: 2F
1-2: Ball
2-2: Fly out, F6 (Line Drive, 6, EV 74.4 MPH)
Top of the 5th over - 0 runs, 1 hit, 0 errors, 0 left on base; Marquette 3 - Athletic Club KC Academy 1
BOTTOM OF THE 5TH
Athletic Club KC Academy batting - Pitching for Marquette Miners : LHP James Brandon
Batting: SHB Ross Evans 0-0: Foul Ball, location: 2F
0-1: Foul Ball, location: 2F
0-2: Foul Ball, location: 2F
0-2: Strikes out swinging
Batting: LHB Carl Zimerman 0-0: Ball
1-0: Foul Ball, location: 2F
1-1: Ground out 6-3 (Groundball, 6S, EV 74.4 MPH)
Batting: RHB Matt Evans 0-0: SINGLE (Groundball, 3D, EV 101.9 MPH)
Batting: RHB Daniel Hannaford 0-0: Ball
1-0: SINGLE (Line Drive, 6M, EV 99.4 MPH)
Matt Evans to second
Runner from 2nd tries for 3rd, SAFE, throw by CF made to third
Batting: SHB Tosya Mndoyants 0-0: Ball
1-0: Ball
2-0: Foul Ball, location: 2F
2-1: Fly out, F9 (Flyball, 9S, EV 90.6 MPH)
Bottom of the 5th over - 0 runs, 2 hits, 0 errors, 2 left on base; Marquette 3 - Athletic Club KC Academy 1
TOP OF THE 6TH
Marquette Miners batting - Pitching for Athletic Club KC Academy : RHP Bob Wheelock
Batting: RHB Richard Mitchell 0-0: Swinging Strike
0-1: Swinging Strike
0-2: Foul Ball, location: 2F
0-2: Strikes out looking
Batting: RHB Martin Payton 0-0: Foul Ball, location: 2F
0-1: Ball
1-1: SOLO HOME RUN (Flyball, 7D, EV 95.6 MPH), Distance : 371 ft
Pitching: LHP Larry Brown
Batting: RHB Eduard Argelander 0-0: Ball
1-0: Ground out U3 (Groundball, 3, EV 83.8 MPH)
Batting: RHB Tom Hendrickson 0-0: Ball
1-0: DOUBLE (Line Drive, 78M, EV 97.5 MPH)
Batting: LHB Bob Blough 0-0: Called Strike
0-1: Ball
1-1: Called Strike
1-2: Strikes out looking
Top of the 6th over - 1 run, 2 hits, 0 errors, 1 left on base; Marquette 4 - Athletic Club KC Academy 1
BOTTOM OF THE 6TH
Athletic Club KC Academy batting - Pitching for Marquette Miners : LHP James Brandon
Batting: RHB Neal Lewis 0-0: Called Strike
0-1: Foul Ball, location: 2F
0-2: Ball
1-2: Ball
2-2: Ground out 6-3 (Groundball, 6, EV 93.1 MPH)
Batting: RHB Tim Hendricks 0-0: SINGLE (Line Drive, 7S, EV 108.1 MPH)
Batting: RHB Mhelter Gaston 0-0: Foul Ball, location: 2F
0-1: Swinging Strike
0-2: DOUBLE (Groundball, 5L, EV 106.9 MPH)
Tim Hendricks to third
Batting: SHB Benedito Ahulani 0-0: Called Strike
0-1: Ground out 5-3 (Groundball, 56S, EV 79.4 MPH)
Tim Hendricks scores
Batting: SHB Ross Evans 0-0: Ball
1-0: Foul Ball, location: 2F
1-1: Ball
2-1: Ball
3-1: Swinging Strike
3-2: Strikes out looking
Bottom of the 6th over - 1 run, 2 hits, 0 errors, 1 left on base; Marquette 4 - Athletic Club KC Academy 2
TOP OF THE 7TH
Marquette Miners batting - Pitching for Athletic Club KC Academy : LHP Larry Brown
Batting: RHB Raleigh Adams 0-0: Ball
1-0: Foul Ball, location: 2F
1-1: SINGLE (Groundball, 6, EV 90.6 MPH) (infield hit)
Batting: LHB Bill Knight 0-0: Foul Ball, location: 2F
0-1: Ball
1-1: Called Strike
1-2: Ball
2-2: Foul Ball, location: 2F
2-2: Strikes out swinging
Batting: RHB Kiril Neuvel 0-0: Ball
1-0: Ball
2-0: Called Strike
2-1: Fielders Choice at 2nd, 4-6 (Groundball, 4, EV 83.8 MPH)
Batting: RHB Colton Shepard 0-0: Ball
1-0: Swinging Strike
1-1: Fly out, F7 (Flyball, 7D, EV 88.8 MPH)
Top of the 7th over - 0 runs, 1 hit, 0 errors, 1 left on base; Marquette 4 - Athletic Club KC Academy 2
BOTTOM OF THE 7TH
Athletic Club KC Academy batting - Pitching for Marquette Miners : LHP James Brandon
Batting: LHB Carl Zimerman 0-0: Ground out U3 (Groundball, 3L, EV 101.9 MPH)
Batting: RHB Matt Evans 0-0: SINGLE (Groundball, 56D, EV 95.6 MPH)
Batting: RHB Daniel Hannaford 0-0: Fly out, F8 (Flyball, 8LD, EV 104.4 MPH)
Batting: SHB Tosya Mndoyants 0-0: Ball
1-0: Swinging Strike
1-1: SINGLE (Groundball, 6MD, EV 105.0 MPH)
Matt Evans to second
Runner from 2nd tries for 3rd, SAFE, no throw by CF
Batting: RHB Neal Lewis 0-0: Ball
1-0: Called Strike
1-1: Swinging Strike
1-2: Ball
2-2: Strikes out swinging
Bottom of the 7th over - 0 runs, 2 hits, 0 errors, 2 left on base; Marquette 4 - Athletic Club KC Academy 2
TOP OF THE 8TH
Marquette Miners batting - Pitching for Athletic Club KC Academy : LHP Larry Brown
Pitching: LHP José Núñez
Batting: RHB Richard Mitchell 0-0: Ball
1-0: Foul Ball, location: 2F
1-1: Ball
2-1: Ball
3-1: Foul Ball, location: 2F
3-2: Base on Balls
Batting: RHB Martin Payton 0-0: SINGLE (Line Drive, 5D, EV 106.9 MPH)
Richard Mitchell to second
Batting: RHB Eduard Argelander 0-0: Ball
1-0: Foul Ball, location: 2F
1-1: Bunted foul
1-2: Ball
2-2: Foul Ball, location: 2F
2-2: Ground out 4-3 (Groundball, 4M, EV 106.9 MPH)
Richard Mitchell to third
Martin Payton to second
Batting: RHB Tom Hendrickson 0-0: Ball
1-0: Ball
2-0: Ball
3-0: Base on Balls
Batting: LHB Bob Blough 0-0: Called Strike
0-1: Fly out, F7 (Flyball, 7, EV 73.8 MPH)
Batting: RHB Raleigh Adams 0-0: Ball
1-0: Swinging Strike
1-1: Ball
2-1: Ball
3-1: Called Strike
3-2: Strikes out swinging
Top of the 8th over - 0 runs, 1 hit, 0 errors, 3 left on base; Marquette 4 - Athletic Club KC Academy 2
BOTTOM OF THE 8TH
Athletic Club KC Academy batting - Pitching for Marquette Miners : LHP James Brandon
Batting: RHB Tim Hendricks 0-0: Called Strike
0-1: Ball
1-1: Ball
2-1: Called Strike
2-2: Foul Ball, location: 2F
2-2: Foul Ball, location: 2F
2-2: Foul Ball, location: 2F
2-2: Foul Ball, location: 2F
2-2: Ball
3-2: Ground out 5-3 (Groundball, 56S, EV 90.0 MPH)
Batting: RHB Mhelter Gaston 0-0: Swinging Strike
0-1: Ball
1-1: Swinging Strike
1-2: Ball
2-2: Strikes out looking
Batting: SHB Benedito Ahulani 0-0: Fly out, F7 (Flyball, 78D, EV 101.9 MPH)
Bottom of the 8th over - 0 runs, 0 hits, 0 errors, 0 left on base; Marquette 4 - Athletic Club KC Academy 2
TOP OF THE 9TH
Marquette Miners batting - Pitching for Athletic Club KC Academy : LHP José Núñez
Batting: LHB Bill Knight 0-0: Ball
1-0: DOUBLE (Line Drive, 89D, EV 107.5 MPH)
Batting: RHB Kiril Neuvel 0-0: Ball
1-0: Ball
2-0: Swinging Strike
2-1: Ground out 1-3 (Groundball, 13, EV 88.1 MPH)
Bill Knight to third
Batting: RHB Colton Shepard 0-0: Intentional Walk
Batting: RHB Richard Mitchell 0-0: Ball
1-0: Ball
2-0: Called Strike
2-1: Swinging Strike
2-2: Foul Ball, location: 2F
2-2: Ball
3-2: Base on Balls
Colton Shepard to second
Pitching: RHP Bryan Werner
Batting: RHB Martin Payton 0-0: Ball
1-0: Called Strike
1-1: Ball
2-1: Ball
3-1: Base on Balls
Bill Knight scores
Colton Shepard to third
Richard Mitchell to second
Batting: RHB Eduard Argelander 0-0: Ball
1-0: Ball
2-0: DOUBLE (Flyball, 8RD, EV 89.4 MPH)
Colton Shepard scores
Richard Mitchell scores
Martin Payton to third
Runner from 3rd tries for Home, SAFE, throw by CF to home
Batting: RHB Tom Hendrickson 0-0: Called Strike
0-1: Ground out 1-3 (Groundball, 34S, EV 80.0 MPH)
Eduard Argelander to third
Batting: LHB Bob Blough 0-0: Foul Ball, location: 2F
0-1: Foul Ball, location: 2F
0-2: Fly out, F9 (Flyball, 89M, EV 85.6 MPH)
Top of the 9th over - 4 runs, 2 hits, 0 errors, 1 left on base; Marquette 8 - Athletic Club KC Academy 2
BOTTOM OF THE 9TH
Athletic Club KC Academy batting - Pitching for Marquette Miners : LHP James Brandon
Batting: SHB Ross Evans 0-0: Ball
1-0: Foul Ball, location: 2F
1-1: Ball
2-1: Foul Ball, location: 2F
2-2: Strikes out swinging
Pitching: LHP Shan-bo Kang
Batting: LHB Carl Zimerman 0-0: Ball
1-0: Ground out 1-3 (Groundball, P, EV 91.2 MPH)
Batting: RHB Matt Evans 0-0: Ball
1-0: Ball
2-0: Swinging Strike
2-1: Foul Ball, location: 2F
2-2: Strikes out swinging
Bottom of the 9th over - 0 runs, 0 hits, 0 errors, 0 left on base; Marquette 8 - Athletic Club KC Academy 2
Friday, March 26th, 2021 - OOTP Baseball 20.8 Build 74